 Dungeon Crawl Stone Soup version 0.28-a0-793-g31680bbd8b (webtiles) character file.

Game seed: 10849997935067283020

422 ytrimaz the Chopper (level 6, -8/56 HPs)
             Began as a Minotaur Monk on Nov 3, 2021.
             Was a Believer of Wu Jian.
             Mangled by a killer bee (9 damage)
             ... on level 4 of the Dungeon.
             The game lasted 00:04:56 (4631 turns).

ytrimaz the Chopper (Minotaur Monk)                 Turns: 4631, Time: 00:04:58

Health: -8/56      AC:  2    Str: 18    XL:     6   Next: 63%
Magic:  5/5        EV: 13    Int:  7    God:    Wu Jian [**....]
Gold:   186        SH:  0    Dex: 12    Spells: 5/5 levels left

rFire   + . .      SeeInvis .   a - +0 hand axe
rCold   . . .      Faith    .   (no shield)
rNeg    . . .      Spirit   .   m - +0 robe {rF+}
rPois   .          Reflect  .   (helmet restricted)
rElec   .          Harm     .   (no cloak)
rCorr   .          Rampage  .   (no gloves)
Will    .....                   (no boots)
Stlth   ++........              (no amulet)
HPRegen 0.18/turn               (no ring)
MPRegen 0.09/turn               (no ring)

@: lethally poisoned (-8 -> -18)
A: horns 2, retaliatory headbutt
a: Renounce Religion, Wall Jump


You were on level 4 of the Dungeon.
You worshipped Wu Jian.
Wu Jian was pleased with you.
You visited 2 branches of the dungeon, and saw 6 of its levels.

You collected 186 gold pieces.

Inventory:

Hand Weapons
 a - a +0 hand axe (weapon)
Armour
 j - a +0 chain mail
 m - a +0 robe of fire resistance (worn)
Jewellery
 k - a +6 ring of strength
Wands
 l - a wand of flame (14)
Scrolls
 b - a scroll of blinking {unknown}
 c - a scroll of teleportation
 e - 3 scrolls of enchant weapon
 h - 4 scrolls of identify
 i - a scroll of silence {unknown}
Potions
 d - a potion of haste {unknown}
 f - 2 potions of curing
 g - a potion of degeneration
 n - a potion of lignification


   Skills:
 + Level 5.2 Fighting
 + Level 6.1 Axes
 * Level 3.1 Armour
 * Level 5.0 Dodging
 - Level 1.5 Stealth


You had 5 spell levels left.
You didn't know any spells.
Your spell library contained the following spells:

 Spells                   Type           Power      Damage    Failure   Level
 Magic Dart               Conj           0%         1d3       43%         1
 Sting                    Tmut/Pois      0%         1d3       43%         1
 Call Imp                 Summ           0%         N/A       56%         2
 Static Discharge         Conj/Air       0%         N/A       56%         2
 Mephitic Cloud           Conj/Pois/Air  0%         N/A       80%         3
 Lightning Bolt           Conj/Air       0%         1d11      100%        5
 Maxwell's Capacitive Co  Air            0%         ∞         100%        8


Dungeon Overview and Level Annotations

Branches:
Dungeon (5/15)             Temple (1/1) D:4

Altars:
Elyvilon
Gozag
Hepliaklqana
Kikubaaqudgha
Makhleb
Nemelex Xobeh
Okawaru
Qazlal
Trog
Vehumet
Wu Jian
Xom
Zin
Lugonu

Annotations:
D:5 Dowan, Duvessa


Innate Abilities, Weirdness & Mutations

You have a pair of horns on your head.
You reflexively headbutt those who attack you in melee.


Message History

No target in view!
You start resting.
HP restored.
You climb downwards.
Level annotation: Dowan, Duvessa The adder closely misses you.
Duvessa hits you with a +0 short sword! The adder bites you.
You are poisoned.
The adder poisons you!
There is a stone staircase leading up, spattered with blood here.
You feel sick. The killer bee stings you! x2
You are more poisoned.
The killer bee poisons you! The adder misses you. Duvessa closely misses you.
You climb upwards.
You feel very sick.
There is a stone staircase leading down here.
Unknown command.
Unknown command.
You spin and attack the killer bee.
You closely miss the killer bee. Your headbutt misses the killer bee.
You feel sick. The killer bee barely misses you. The killer bee misses you.
You feel sick. The killer bee barely misses you. The adder bites you.
You are more poisoned.
The adder poisons you!
There is an open door here.
You feel sick. The killer bee barely misses you.
You feel very sick. The killer bee closely misses you.
You miss the killer bee. Your headbutt misses the killer bee.
You feel sick. The killer bee misses you. You furiously retaliate!
You headbutt the killer bee. The killer bee stings you!
* * * LOW HITPOINT WARNING * * *
You miss the killer bee.
The killer bee is lightly wounded.
* * * LOW HITPOINT WARNING * * *
You feel sick. The killer bee stings you.
* * * LOW HITPOINT WARNING * * *
You are more poisoned.
The killer bee poisons you! The killer bee stings you!
You die...

..# #.###.###.#####.......# #.#
#.....# #.# ##..##### #.# ###.###
#.######..# ### #.# #.###
#.........# #.. #.# #.).#
#######...## #.# #.# ###.##
##.....## #.# #.# #..##
##.......## #.#
#.##########...####.........###..
#...............@yS.........'....
#.##########...####.>.......###..
.#.## ####..## ##.......## #..
###.## #.....# ##.....## #.. #
##.# #.##..# ##...## ### ###.##
#.#...# ##'## .#.## #.#.#.#
#.######## ..## #.#.#.#
#.#......# .## #.#.#.#
####.#.####.#


You could see a killer bee and an adder.

Vanquished Creatures
  Edmund (D:4)
  4 crimson imps (D:4)
  A hound (D:4)
  A hound skeleton (D:2)
  5 adders
  2 worms
  2 dart slugs
  An orc (D:4)
  6 ball pythons
  6 endoplasms
  A giant cockroach (D:3)
  6 goblins
  9 hobgoblins
  3 jackals (D:1)
  6 quokkas
  6 bats
  3 frilled lizards
  6 kobolds
  5 rats
74 creatures vanquished.

Vanquished Creatures (others)
  27 plants
27 creatures vanquished.

Grand Total: 101 creatures vanquished

Notes
Turn   | Place    | Note
-------+----------+-------------------------------------------
     0 | D:1      | ytrimaz the Minotaur Monk began the quest for the Orb.
     0 | D:1      | Reached XP level 1. HP: 19/19 MP: 0/0
    98 | D:1      | Reached XP level 2. HP: 25/27 MP: 1/1
   230 | D:1      | Reached skill level 1 in Armour
   251 | D:1      | Reached skill level 4 in Axes
   619 | D:1      | Reached XP level 3. HP: 33/33 MP: 2/2
  1510 | D:2      | Reached XP level 4. HP: 41/41 MP: 3/3
  2111 | D:3      | Found a faded altar of an unknown god.
  2127 | D:3      | Got Plato's Incunabulum of Transmigration
  2891 | D:3      | Found an ornate altar of the Wu Jian Council.
  3003 | D:3      | Became a worshipper of the Wu Jian Council
  3003 | D:3      | Reached * piety under Wu Jian
  3003 | D:3      | Reached ** piety under Wu Jian
  3138 | D:4      | Found a shimmering altar of Xom.
  3154 | D:4      | Reached skill level 5 in Axes
  3154 | D:4      | Reached XP level 5. HP: 14/47 MP: 4/4
  3513 | D:4      | Found a sparkling altar of Nemelex Xobeh.
  3513 | D:4      | Found a hazy altar of Hepliaklqana.
  3723 | D:4      | Found a staircase to the Ecumenical Temple.
  3784 | Temple   | Entered the Ecumenical Temple
  3847 | D:4      | Found a stormy altar of Qazlal.
  3858 | D:4      | Reached skill level 5 in Fighting
  3858 | D:4      | Reached XP level 6. HP: 49/56 MP: 5/5
  4232 | D:4      | Noticed Edmund
  4243 | D:4      | Killed Edmund
  4244 | D:4      | Reached skill level 6 in Axes
  4522 | D:4      | Found a white marble altar of Elyvilon.
  4572 | D:5      | Entered Level 5 of the Dungeon
  4572 | D:5      | Noticed Duvessa
  4572 | D:5      | Found a burning altar of Makhleb.
  4573 | D:5      | Noticed Dowan
  4583 | D:4      | Reached skill level 5 in Dodging
  4631 | D:4      | HP: 1/56 [killer bee (3)]
  4631 | D:4      | Mangled by a killer bee

Illustrated notes

Levels and vault maps discovered:
D:1:      scummos_arrival_forest, layout_basic, serial_bayou,
          serial_bayou_lagoon_b, serial_bayou_shore_b, serial_bayou_lagoon_a,
          serial_bayou_lake_a, serial_bayou_pond_d,
          chequers_hall_statues_corner_a, amcnicky_mini_pool_small
D:2:      layout_loops_cross, chequers_serial_rivers_large_b,
          minmay_randomly_rotated_circles
D:3:      layout_loops_cross, general_overflow_altar,
          shapermc_ecumenical_altar_rom_forum
D:4:      layout_loops_corners, led_xom_imps, grunt_qazlal_clouds,
          gammafunk_temple_overflow_elements, nicolae_elyvilon_temple_path,
          minmay_temple_entry_purple_smoke, uniq_edmund
D:5:      layout_basic, nicolae_dithmenos_the_darkroom,
          mainiacjoe_overflow_catwalk, marbit_many_paths,
          kennysheep_generic_room_16, uniq_duvessa
Temple:   corrupted_temple

Skill      XL: |  1  2  3  4  5  6 |
---------------+-------------------+-----
Armour         | 1 2 3 |  3.1
Axes           | 4 5 6 |  6.1
Fighting       | 4 5 |  5.2
Dodging        | 4 5 |  5.0
Stealth        | |  1.5

Action                   |  1- 3 |  4- 6 || total
-------------------------+-------+-------++-------
Melee: Hand axe          |    90 |   127 ||   217
       Headbutt          |    14 |    16 ||    30
Invok: Lunge             |       |     8 ||     8
       Whirlwind         |       |     1 ||     1
 Abil: Wall Jump         |       |     2 ||     2
  Use: Scroll            |     1 |     2 ||     3
       Potion            |       |     5 ||     5
 Stab: Sleeping          |     3 |     6 ||     9
Armor: Robe              |    12 |     7 ||    19
Dodge: Dodged            |    65 |    76 ||   141

Table legend: (Time is in decaauts)
 A = Elapsed time spent in this place.
 B = Non-inter-level travel time spent in this place.
 C = Inter-level travel time spent in this place.
 D = Time resting spent in this place.
 E = Time spent auto-exploring this place.
 F = Levels seen in this place.
 G = Mean time per level.
                   A        B        C        D        E       F      G
               +--------+--------+--------+--------+--------+-----+--------+
         Total |   4767 |   4550 |    217 |    287 |   3535 |   6 |  794.5 |
       Dungeon |   4725 |   4519 |    206 |    287 |   3514 |   5 |  945.0 |
        Temple |     41 |     30 |     11 |      0 |     21 |   1 |   41.0 |
               +--------+--------+--------+--------+--------+-----+--------+

Top non-repeatable levels by time:
     D:4: 1527 daAuts
     D:2: 1137 daAuts
     D:3: 1043 daAuts
     D:1: 1010 daAuts
  Temple: 41 daAuts
     D:5: 7 daAuts
